 Dungeon Crawl Stone Soup version 0.25-b1-46-gb8a1ec05df (webtiles) character file.

Game seed: 11753908246025521113

58 Chiseanne the Magician (level 3, -4/27 HPs)
             Began as a Demonspawn Wanderer on June 10, 2020.
             Killed by divine providence
             ... invoked by an orc priest
              (10 damage)
             ... on level 3 of the Dungeon.
             The game lasted 00:04:29 (1472 turns).

Chiseanne the Magician (Demonspawn Wanderer)        Turns: 1472, Time: 00:04:29

Health: -4/27      AC:  6    Str: 10    XL:     3   Next: 75%
Magic:  10/10      EV: 10    Int: 16    God:
Gold:   20         SH:  0    Dex: 12    Spells: 14/14 levels left

rFire    . . .     SeeInvis .   a - +2 dagger
rCold    . . .     Gourm    .   (no shield)
rNeg     . . .     Faith    .   c - +0 ring mail
rPois    .         Spirit   .   (no helmet)
rElec    .         Reflect  .   (no cloak)
rCorr    .         Harm     .   (no gloves)
MR       .....                  (no boots)
Stlth    +.........             (no amulet)
HPRegen  0.09/turn              (no ring)
MPRegen  0.12/turn              (no ring)

@: no status effects
A: rugged brown scales 1
a: no special abilities


You were on level 3 of the Dungeon.
You were not hungry.

You visited 1 branch of the dungeon, and saw 3 of its levels.

You collected 20 gold pieces.

Inventory:

Hand Weapons
 a - a +2 dagger (weapon)
 b - a +0 war axe
 h - a +4 whip of electrocution
 k - a +0 short sword
Missiles
 e - 18 arrows
 i - 20 sling bullets
Armour
 c - a +0 ring mail (worn)
Jewellery
 g - an uncursed ring of flight {unknown}
 j - an uncursed ring of positive energy {unknown}
Potions
 l - a potion of invisibility {unknown}
Comestibles
 d - 2 chunks of flesh
 f - 2 rations


   Skills:
 * Level 2.3 Fighting
 - Level 1.0 Throwing
 * Level 0.1 Armour
 * Level 2.0 Dodging
 - Level 6.0 Spellcasting
   Level 2.0 Hexes
   Level 1.0 Evocations


You had 14 spell levels left.
You didn't know any spells.
Your spell library was empty.

Dungeon Overview and Level Annotations

Branches:
Dungeon (3/15)

Altars:


Innate Abilities, Weirdness & Mutations

You are partially covered in rugged brown scales. (AC +1, +3% HP)


Message History

The orc priest hits you but does no damage.
You barely miss the orc priest.
The orc priest is heavily wounded.
The orc priest hits you but does no damage.
You hit the orc priest but do no damage.
The orc priest is heavily wounded.
The orc priest calls down the wrath of Beogh upon you.
You barely resist. You closely miss the orc priest.
The orc priest is heavily wounded.
The orc priest hits you but does no damage.
You hit the orc priest but do no damage.
The orc priest is heavily wounded.
The orc priest hits you with a cursed -2 dagger.
* * * LOW HITPOINT WARNING * * *
You hit the orc priest but do no damage.
The orc priest is heavily wounded.
The orc priest calls down the wrath of Beogh upon you.
Beogh smites you!
You die...

#...#######
#.#........
#..........
######o.###....
###..............
#....############
###..### ##..o.#
###..@..#
#>..<####
#...#...#
#####.### #.#
#.#. ## .#
#.+...⌠.# .+
#.+..#(⌠...+
#.#..##.#..#


You could see an orc priest.

Vanquished Creatures
  An orc priest (D:3)
  2 oozes
  2 orcs (D:2)
  A ball python (D:2)
  A giant cockroach (D:1)
  A goblin (D:1)
  A hobgoblin (D:1)
  3 kobolds
  A quokka (D:2)
  2 bats (D:1)
  A frilled lizard (D:1)
  2 rats (D:1)
18 creatures vanquished.

Notes
Turn   | Place    | Note
-------+----------+-------------------------------------------
     0 | D:1      | Chiseanne the Demonspawn Wanderer began the quest for the
                  | Orb.
     0 | D:1      | Chiseanne set off with the following items: a +2 dagger, 2
                  | curare-tipped darts, a potion of curing, a +0 robe, a
                  | ration
     0 | D:1      | Reached XP level 1. HP: 13/13 MP: 7/7
   176 | D:1      | Reached skill level 1 in Fighting
   183 | D:1      | Gained mutation: You are partially covered in rugged brown
                  | scales. (AC +1, +3% HP) [demonic ancestry]
   183 | D:1      | Reached XP level 2. HP: 13/21 MP: 9/9
   312 | D:1      | Reached skill level 1 in Dodging
   836 | D:3      | Reached XP level 3. HP: 27/27 MP: 10/10
   836 | D:3      | Noticed an orc warrior
  1472 | D:3      | Killed from afar by an orc priest

Illustrated notes

Levels and vault maps discovered:
D:1:      dpeg_arrival_court, layout_loops_ring, chequers_serial_rivers_small_a,
          chequers_mini_garden
D:2:      layout_loops_ring, chequers_jeans
D:3:      kennysheep_six_static_rooms, layout_rooms, st_stairs_11,
          kennysheep_generic_room_3

Skill      XL: |  1  2 |
---------------+-------+-----
Fighting       | 1 2 |  2.3
Dodging        | 2 |  2.0
Throwing       | |  1.0
Armour         | |  0.1
Spellcasting   | |  6.0
Hexes          | |  2.0
Evocations     | |  1.0

Action                   || total
-------------------------++-------
Melee: Dagger            ||    83
Throw: Dart              ||     2
  Use: Scroll            ||     3
       Potion            ||     1
 Stab: Sleeping          ||     1
  Eat: Chunk             ||     2
Armor: Robe              ||    20
       Ring mail         ||     8
       Leather armour    ||     2
Dodge: Dodged            ||    45
